 Dungeon Crawl Stone Soup version 0.23.2-40-g277498a001 (webtiles) character file.

Game seed: 14304289025166019363

64369 Iskender the Ripper (level 14, -5/70 HPs)
             Began as a Felid Chaos Knight on Oct 14, 2019.
             Was a Plaything of Xom.
             Shot with a bolt by a naga sharpshooter (36 damage)
             ... on level 3 of the Snake Pit on Oct 17, 2019.
             The game lasted 06:51:23 (37057 turns).

Iskender the Ripper (Felid Chaos Knight)           Turns: 37057, Time: 06:51:24

Health: -5/70      AC:  7    Str:  8    XL:     14   Next: 71%
Magic:  16/21      EV: 35    Int: 22    God:    Xom [....*.]
Gold:   2262       SH:  0    Dex: 26    Spells: 1/22 levels left
                                        Lives:  0   Deaths: 3

rFire    + . .     SeeInvis +     - Unarmed
rCold    + + .     Gourm    .   (shield unavailable)
rNeg     . . .     Faith    .   (armour unavailable)
rPois    .         Spirit   .   (helmet unavailable)
rElec    .         Reflect  .   (cloak unavailable)
rCorr    .         Harm     .   (gloves unavailable)
MR       ++...                  (boots unavailable)
Stlth    +++++.....             H - amulet of the acrobat
HPRegen  1.21/turn              w - ring "Zetubewk" {Wiz Int+6}
MPRegen  0.17/turn              K - +4 ring of intelligence

@: regenerating (expiring), quick
A: very small, no armour, no weapons or thrown items, stealth, claws 1, fangs 3,
horns 1, icy blue scales 1, molten scales 1, thin skeletal structure 1, see
invisible, agile 1, carnivore, cold resistance 1, dopey 1, fire resistance 1,
speed 1, robust 1, screaming 2, shaggy fur 3, slow metabolism 1, MP-powered
wands, sharp paws
a: Renounce Religion


You were on level 3 of the Snake Pit.
You worshipped Xom.
You were a beloved toy of Xom.
You were full.

You visited 8 branches of the dungeon, and saw 31 of its levels.
You visited 1 bazaar.
You also visited: Gauntlet and Ice Cave.

You collected 2999 gold pieces.
You spent 737 gold pieces at shops.

Inventory:

Jewellery
 c - an uncursed ring of ice
 f - an uncursed ring of protection from fire
 u - an uncursed amulet of regeneration
 w - the ring "Zetubewk" (left paw) {Wiz Int+6}
   (Xom gifted it to you on level 5 of the Dungeon)

   [ring of wizardry]

   It improves your spell success rate.
   It affects your intelligence (+6).
 z - an uncursed amulet of guardian spirit
 H - an amulet of the acrobat (around neck)
 I - an uncursed amulet of rage
 K - a +4 ring of intelligence (right paw)
 N - a +2 amulet of reflection
 S - an uncursed ring of stealth
 W - an uncursed ring of wizardry
Wands
 p - a wand of scattershot (7)
 r - a wand of clouds (1)
 x - a wand of iceblast (29)
 y - a wand of acid (4)
 C - a wand of flame (41)
 D - a wand of polymorph (13)
 G - a wand of disintegration (13)
 J - a wand of digging (1)
Scrolls
 b - 5 scrolls of teleportation
 e - a scroll of summoning
 h - 4 scrolls of amnesia
 m - 3 scrolls of immolation
 n - 9 scrolls of remove curse
 s - 2 scrolls of fog
 B - 2 scrolls of holy word
 F - 2 scrolls of identify
 M - a scroll of fear
 P - 2 scrolls of vulnerability
Potions
 d - 2 potions of magic
 g - 5 potions of brilliance
 i - 4 potions of agility
 j - a potion of curing
 k - 8 potions of haste
 l - 2 potions of mutation
 q - 2 potions of invisibility
 t - 4 potions of lignification
 v - 2 potions of resistance
 E - 2 potions of ambrosia
 L - 3 potions of berserk rage
 Q - a potion of might
 T - a potion of flight
Miscellaneous
 o - 2 phantom mirrors
 A - a fan of gales
 O - a phial of floods
 R - a lightning rod (4/4)
Comestibles
 a - 54 rations


   Skills:
 - Level 9.1 Fighting
 - Level 16.1 Dodging
 - Level 8.0 Stealth
 - Level 20.6 Unarmed Combat
 - Level 4.5 Spellcasting
 - Level 10.5 Hexes
 - Level 5.6 Charms
 - Level 1.2 Summonings
 - Level 4.3 Necromancy
 + Level 6.3 Transmutations
 + Level 5.2 Earth Magic


You had one spell level left.
You knew the following spells:

 Your Spells              Type           Power        Failure   Level  Hunger
a - Confuse               Hex            ######..     1%          3    ##.....
c - Regeneration          Chrm/Necr      ####......   1%          3    ##.....
n - Confusing Touch       Hex            ######       1%          1    None
o - Ozocubu's Armour      Chrm/Ice       ###.....     4%          3    ##.....
S - Statue Form           Tmut/Erth      ####.....    50%         6    #######
Z - Summon Mana Viper     Hex/Summ       ####....     11%         5    #####..

Your spell library contained the following spells:

 Spells                   Type           Power        Failure   Level  Hunger
 Corona                   Hex            ######.      1%          1    None
 Summon Small Mammal      Summ           ##..         2%          1    None
 Freeze                   Ice            #...         4%          1    None
 Corpse Rot               Necr           N/A          1%          2    None
 Ensorcelled Hibernation  Hex/Ice        ####..       1%          2    None
 Sublimation of Blood     Necr           ###.......   1%          2    None
 Dazzling Spray           Conj/Hex       ####..       1%          3    ##.....
 Summon Guardian Golem    Hex/Summ       ####....     1%          3    ##.....
 Tukima's Dance           Hex            ######..     1%          3    ##.....
 Spider Form              Tmut/Pois      ###.......   3%          3    ##.....
 Call Imp                 Summ           ##......     4%          2    None
 Petrify                  Tmut/Erth      ####....     4%          4    ####...
 Yara's Violent Unravell  Hex/Tmut       #####.....   4%          5    #####..
 Throw Frost              Conj/Ice       #.....       6%          2    None
 Call Canine Familiar     Summ           ##......     8%          3    ##.....
 Recall                   Summ/Tloc      N/A          10%         3    ##.....
 Ice Form                 Ice/Tmut       ###.....     12%         4    ####...
 Gell's Gravitas          Tloc           #.........   13%         3    ##.....
 Metabolic Englaciation   Hex/Ice        ####......   14%         5    #####..
 Agony                    Necr           ###.....     21%         5    #####..
 Dispel Undead            Necr           ###.....     21%         5    #####..
 Summon Ice Beast         Ice/Summ       #.......     32%         4    ####...
 Summon Lightning Spire   Summ/Air       #.......     32%         4    ####...
 Throw Icicle             Conj/Ice       #.......     38%         4    ####...
 Bolt of Draining         Conj/Necr      ##........   43%         5    #####..
 Aura of Abjuration       Summ           ##........   54%         5    #####..
 Summon Demon             Summ           ##........   54%         5    #####..
 Summon Forest            Summ/Tloc      #.........   63%         5    #####..
 Simulacrum               Ice/Necr       ##........   92%         6    #######
 Shadow Creatures         Summ           N/A          98%         6    #######
 Bolt of Cold             Conj/Ice       #.........   99%         6    #######
 Freezing Cloud           Conj/Ice/Air   #.........   99%         6    #######
 Ozocubu's Refrigeration  Ice            #.........   99%         6    #######
 Excruciating Wounds      Chrm/Necr      Unusable     N/A         5    N/A

Dungeon Overview and Level Annotations

Branches:
Dungeon (15/15)            Temple (1/1) D:4            Lair (6/6) D:10
 Shoals (2/4) Lair:3        Snake (3/4) Lair:4        Slime (0/5) Lair:5
    Orc (2/2) D:10            Elf (1/3) Orc:2        Vaults (0/5) D:13
 Depths: D:15

Altars:
Ashenzari
Cheibriados
Dithmenos
Elyvilon
Fedhas
Gozag
Hepliaklqana
Kikubaaqudgha
Makhleb
Nemelex Xobeh
Okawaru
Qazlal
Ru
Sif Muna
Trog
Uskayaw
Vehumet
Wu Jian
Xom
Yredelemnul
Zin
The Shining One

Shops:
D:9 ([   Orc:2 (*%*   Snake:1 [

Annotations:
D:13 3 runed translucent doors
Lair:4 !rupert
Lair:5 catoblepas
Snake:2 Aizul
Elf:1 1 runed translucent door
Depths:1 !


Innate Abilities, Weirdness & Mutations

You cannot wear armour.
You are incapable of wielding weapons or throwing items.
Your paws allow you to move quietly. (Stealth)
You have sharp claws.
You have razor-sharp teeth.
You have supernaturally acute eyesight. (SInv)
You are carnivorous and can eat meat at any time.
You cover ground quickly.
Your thick and shaggy fur keeps you warm. (AC +3, rC+)
You have a slow metabolism.
Your sharp claws are effective at attacking unaware monsters.
You have a pair of small horns on your head.
You are partially covered in icy blue scales. (AC +2)
You are partially covered in molten scales. (AC +2)
You have a somewhat thin skeletal structure. (Dex +2, Stealth)
You are agile. (Dex +2)
Your flesh is cold resistant. (rC+)
You are dopey. (Int -2)
Your flesh is heat resistant. (rF+)
You are robust. (+10% HP)
You sometimes yell uncontrollably at your foes.
You expend magic power (3 MP) to strengthen your wands.


Message History

You bite the naga sharpshooter, but do no damage.
The naga sharpshooter is moderately wounded.
You mangle the naga sharpshooter!!
You headbutt the naga sharpshooter, but do no damage.
You bite the naga sharpshooter, but do no damage.
The naga sharpshooter is severely wounded.
You scratch the naga sharpshooter.
The naga sharpshooter is severely wounded.
Your skin is crawling a little less now.
The naga sharpshooter gestures wildly while chanting.
The naga sharpshooter magically shoots a bolt.
The bolt hits you!!
You barely miss the naga sharpshooter.
You headbutt the naga sharpshooter, but do no damage.
The naga sharpshooter is severely wounded.
The naga sharpshooter mumbles some strange words.
The naga sharpshooter magically shoots a bolt.
The bolt hits you!!!
Ouch! That really hurt!
You die...

#### ###
#..######## .N..
#.........# #..#
#.....####.#
##...##### #.....##
......N..#####....#
.......(..## ###..#
#..######..## #.##
#.# ##..####@# #..#
###...N## ...##
###### ....#
..##... .## ##


You could see a naga sharpshooter.

Vanquished Creatures
  Rupert (Lair:4)
  Jorgrun (Orc:1)
  A tengu reaver (D:12)
  A war gargoyle (D:12)
  A minotaur (Gauntlet)
  A dire elephant (D:15)
  A deep elf high priest (Elf:1)
  5 hydras
  2 vault guards (D:13)
  4 centaur warriors
  4 naga warriors
  5 anacondas
  A catoblepas (Gauntlet)
  6 two-headed ogres
  2 dancing weapons (Elf:1)
  A tengu warrior (D:13)
  An alligator (Elf:1)
  3 death yaks
  9 naga sharpshooters
  3 shock serpents
  Urug (Orc:2)
  2 deep elf knights (Elf:1)
  2 unseen horrors
  A deep troll (D:15)
  5 skeletal warriors
  An unseen horror (shapeshifter) (D:2)
  2 naga ritualists
  A sea snake (Shoals:1)
  5 deep elf archers (Elf:1)
  2 orc knights (Orc:2)
  A necromancer (IceCv)
  2 harpies (Shoals:1)
  An orc sorcerer (Orc:1)
  5 mana vipers
  10 ugly things
  19 deep elf magi
  A salamander (Snake:2)
  9 fauns
  6 manticores
  A black mamba (shapeshifter) (Elf:1)
  6 cyclopes
  4 elephants (Lair:3)
  A guardian serpent (Snake:1)
  4 merfolk sirens
  13 black mambas
  An ice statue (IceCv)
  4 naga magi
  2 molten gargoyles (Gauntlet)
  A water nymph (Shoals:1)
  4 gargoyles
  A torpor snail (Lair:6)
  22 spiny frogs
  5 komodo dragons
  2 rime drakes (shapeshifter)
  2 kobold demonologists (D:12)
  A rime drake (Lair:5)
  11 freezing wraiths
  6 trolls
  A queen bee (shapeshifter) (D:14)
  8 merfolk
  A tengu conjurer (D:15)
  6 meliai
  A wind drake (Shoals:2)
  A polar bear (Lair:4)
  4 tyrant leeches
  6 snapping turtles (Shoals:1)
  A wolf spider simulacrum (IceCv)
  Prince Ribbit (D:8)
  A raiju (D:12)
  28 blink frogs
  4 hippogriffs
  2 slime creatures (D:15)
  An air elemental (Elf:1)
  A shadow (D:12)
  Sigmund (D:5)
  3 water elementals
  5 humans
  2 wyverns
  3 basilisks
  A human (shapeshifter) (D:8)
  22 yaks
  3 fire elementals (Elf:1)
  A hungry ghost (D:14)
  7 vampire mosquitoes
  25 nagas
  2 soldier ants
  8 water moccasins
  2 wargs (D:10)
  2 acid dragons
  7 porcupines
  2 sky beasts
  2 phantoms (D:8)
  A floating eye (D:5)
  10 ice beasts
  27 orc warriors
  4 black bears
  A necrophage (D:4)
  An alligator simulacrum (IceCv)
  An eye of draining (D:11)
  9 ogres
  14 wolves
  20 centaurs
  11 crocodiles
  4 big kobolds
  19 bullfrogs
  A gnoll sergeant (D:7)
  A wyvern zombie (D:12)
  An earth elemental (Elf:1)
  2 wyvern skeletons (D:14)
  A scorpion (D:8)
  An elephant simulacrum (IceCv)
  11 killer bees
  18 wights
  3 electric eels
  2 howler monkeys (D:8)
  A bullfrog zombie (D:12)
  3 centaur zombies
  4 crimson imps
  5 draconian simulacra (IceCv)
  8 hounds
  6 centaur skeletons
  8 orc priests
  17 jellies
  2 bullfrog skeletons
  3 iguanas
  13 orc wizards
  8 troll simulacra (IceCv)
  15 worker ants
  A polar bear simulacrum (IceCv)
  A centaur simulacrum (IceCv)
  2 hound skeletons (D:9)
  A worker ant zombie (D:9)
  15 gnolls
  A howler monkey skeleton (D:9)
  14 adders
  2 naga simulacra (IceCv)
  4 ogre simulacra (IceCv)
  3 river rats (D:6)
  2 shadow imps
  20 white imps
  2 oozes
  An adder skeleton (D:8)
  4 worms
  2 dart slugs (D:2)
  6 leopard geckos
  62 orcs
  A ball python (D:4)
  6 bats
  9 giant cockroaches
  6 goblins
  12 hobgoblins
  11 jackals
  2 quokkas
  A ball python zombie (D:5)
  6 frilled lizards
  A jackal zombie (D:5)
  25 kobolds
  8 rats
  A fungus (Lair:3)
  4 plants
877 creatures vanquished.

Vanquished Creatures (collateral kills)
  A naga warrior (Snake:2)
  A two-headed ogre (D:9)
  4 harpies
  An orc knight (Orc:1)
  A faun (Shoals:2)
  A manticore (Shoals:2)
  A merfolk siren (Shoals:1)
  An elephant (Lair:3)
  3 spiny frogs (Lair:6)
  A black mamba (Snake:1)
  A tyrant leech (Lair:6)
  A blink frog (Lair:6)
  A warg (Orc:1)
  A vampire mosquito (Lair:6)
  2 nagas
  2 orc warriors (Orc:1)
  A bullfrog (Lair:6)
  4 killer bees (D:9)
  An orc wizard (Orc:2)
  3 orcs
  A plant (Lair:6)
33 creatures vanquished.

Vanquished Creatures (others)
  A vault guard (D:13)
  A glowing orange brain (shapeshifter) (D:12)
  5 blink frogs (Lair:6)
  2 yaks (Lair:6)
  3 humans (D:13)
  2 orc warriors (Orc:2)
  A wolf (Lair:4)
  A bullfrog (Lair:6)
  An orc priest (Orc:2)
  4 white imps (Lair:4)
  3 orcs
  14 fungi
  44 plants
82 creatures vanquished.

Grand Total: 992 creatures vanquished

Notes
Turn   | Place    | Note
-------+----------+-------------------------------------------
     0 | D:1      | Iskender the Felid Chaos Knight began the quest for the
                  | Orb.
     0 | D:1      | Reached XP level 1. HP: 10/10 MP: 2/2
   114 | D:1      | Reached skill level 1 in Stealth
   433 | D:1      | XOM: butterfly on damage
   578 | D:1      | XOM: harmless Necr miscast
   586 | D:1      | XOM: silly message
   587 | D:1      | XOM: divination: detect items
   616 | D:1      | Reached XP level 2. HP: 14/14 MP: 3/3
   639 | D:1      | XOM: divination: magic mapping
  1022 | D:1      | XOM: smoke on damage
  1049 | D:1      | XOM: potion effect (curing)
  1063 | D:1      | XOM: harmless Summ miscast
  1317 | D:1      | XOM is BORED!
  1317 | D:1      | XOM: noise
  1496 | D:2      | Reached XP level 3. HP: 17/17 MP: 4/4
  1779 | D:2      | XOM: silly message
  1798 | D:2      | Reached skill level 4 in Unarmed Combat
  2388 | D:2      | Found a deep blue altar of Sif Muna.
  2443 | D:2      | XOM: harmless Chrm miscast
  2674 | D:2      | XOM: silly message
  2688 | D:2      | XOM: cloud trail
  2737 | D:2      | Reached XP level 4. HP: 21/21 MP: 5/5
  2737 | D:2      | Noticed a shapeshifter
  2737 | D:2      | a giant cockroach changed into a shapeshifter
  2738 | D:2      | Noticed an unseen horror
  2738 | D:2      | a shapeshifter changed into an unseen horror
  2742 | D:2      | Killed an unseen horror
  2742 | D:2      | Reached skill level 7 in Unarmed Combat
  2742 | D:2      | Reached XP level 5. HP: 24/24 MP: 6/6
  2742 | D:2      | Gained mutation: You are covered in thick fur. (AC +2)
                  | [Felid growth]
  2742 | D:2      | Reached XP level 6. HP: 28/28 MP: 7/7
  2742 | D:2      | Reached XP level 7. HP: 31/31 MP: 8/8
  2999 | D:3      | XOM: cloud trail
  3213 | D:3      | Found a sacrificial altar of Ru.
  3328 | D:3      | Reached skill level 8 in Unarmed Combat
  3766 | D:4      | XOM: give mutations
  3766 | D:4      | Gained mutation: You are agile. (Dex +2) [Xom's mischief]
  3766 | D:4      | Lost mutation: You are agile. (Dex +2) [Xom's mischief]
  3766 | D:4      | Gained mutation: You are clumsy. (Dex -2) [Xom's mischief]
  3883 | D:4      | XOM: fog
  3901 | D:4      | XOM: fog
  4014 | D:4      | Found a staircase to the Ecumenical Temple.
  4031 | Temple   | Entered the Ecumenical Temple
  4245 | D:5      | Entered Level 5 of the Dungeon
  4422 | D:5      | XOM: god gift: wand of scattershot (4)
  4435 | D:5      | Noticed a two-headed ogre
  4440 | D:5      | XOM: scenery: create altars
  4442 | D:5      | a two-headed ogre changed into a floating eye
  4442 | D:5      | XOM: polymorph two-headed ogre -> floating eye
  4445 | D:5      | Reached skill level 5 in Dodging
  4527 | D:5      | XOM: god gift: coppery potion {god gift}
  4586 | D:5      | Noticed Sigmund
  4586 | D:5      | XOM: mild Tmut miscast
  4699 | D:5      | Found a hazy altar of Hepliaklqana.
  4699 | D:5      | Found a burning altar of Makhleb.
  4773 | D:5      | Found a stormy altar of Qazlal.
  5005 | D:5      | XOM: fog
  5070 | D:5      | Reached XP level 8. HP: 31/34 MP: 9/9
  5170 | D:5      | XOM: god gift: heavily runed lead ring {god gift}
  5171 | D:5      | Got a heavily runed lead ring {god gift}
  5173 | D:5      | Identified the ring "Zetubewk" {Wiz Int+6} (Xom gifted it
                  | to you on level 5 of the Dungeon)
  5334 | D:4      | XOM: god gift: paperback book {god gift}
  5339 | D:4      | Learned a level 2 spell: Corpse Rot
  5505 | D:6      | Found an ancient bone altar of Kikubaaqudgha.
  5518 | D:6      | XOM: harmless Chrm miscast
  5707 | D:6      | Learned a level 3 spell: Confuse
  5744 | D:6      | XOM: noise
  5895 | D:6      | Reached skill level 9 in Unarmed Combat
  5916 | D:6      | XOM: noise
  6242 | D:6      | XOM: god gift: scroll labeled VOLOEDAENK {god gift}
  6537 | D:7      | Found a shimmering altar of Xom.
  6590 | D:7      | Reached skill level 1 in Hexes
  6866 | D:7      | XOM: divination: magic mapping
  7033 | D:7      | XOM: cleaving
  7039 | D:7      | XOM: scenery: 1 doors open, 3 doors close
  7044 | D:7      | XOM: confuse monster(s)
  7147 | D:7      | XOM: divination: magic mapping
  7168 | D:7      | XOM: butterfly on damage
  7173 | D:7      | XOM: confuse monster(s)
  7181 | D:7      | Reached skill level 10 in Unarmed Combat
  7192 | D:7      | XOM: noise
  7193 | D:7      | XOM: god gift: scroll of teleportation
  7213 | D:7      | Reached skill level 1 in Spellcasting
  7217 | D:7      | XOM: mild Necr miscast
  7269 | D:7      | Reached XP level 9. HP: 35/37 MP: 7/12
  7551 | D:8      | Noticed Prince Ribbit
  7620 | D:8      | XOM: polymorph worker ant -> shapeshifter
  7677 | D:8      | XOM: enchant monster (bad)
  7925 | D:8      | XOM: confuse monster(s)
  7927 | D:8      | Reached skill level 5 in Stealth
  8492 | D:9      | Found Kec Geum's Antique Armour Emporium.
  8539 | D:9      | Reached skill level 5 in Hexes
  8606 | D:9      | Noticed a merfolk
  8610 | D:9      | XOM: summons friendly iron imp
  8617 | D:9      | XOM: confusion (+ monsters)
  8635 | D:9      | XOM: smoke on damage
  8636 | D:9      | Killed a merfolk
  8776 | D:9      | XOM: medium Erth miscast
  8912 | D:9      | XOM: potion effect (haste)
  9027 | D:9      | Noticed a two-headed ogre
  9031 | D:9      | XOM: butterfly on damage
  9060 | D:9      | XOM: potion effect (might)
  9074 | D:9      | Killed a two-headed ogre
  9074 | D:9      | Reached skill level 11 in Unarmed Combat
  9074 | D:9      | Reached XP level 10. HP: 42/42 MP: 8/13
  9152 | D:9      | XOM: harmless Conj miscast
  9184 | D:9      | Found Bohe's Weapon Emporium.
  9280 | D:9      | Noticed a two-headed ogre
  9315 | D:10     | Entered Level 10 of the Dungeon
  9320 | D:10     | Found a shattered altar of Ashenzari.
  9423 | D:10     | XOM: cast spell 'Olgreb's Toxic Radiance'
  9638 | D:10     | XOM: harmless Air miscast
  9806 | D:10     | XOM: cloud trail
  9976 | D:10     | Found a staircase to the Orcish Mines.
 10132 | D:10     | Found a staircase to the Lair.
 10200 | D:10     | XOM: noise
 10367 | D:9      | XOM: severe Tloc miscast
 10746 | D:5      | XOM: mild Erth miscast
 10805 | D:5      | Killed Sigmund
 11042 | D:7      | XOM: summons 5 hostile demons
 11091 | D:7      | XOM: fog
 11145 | D:11     | Noticed a gargoyle
 11159 | D:10     | XOM is BORED!
 11159 | D:10     | XOM: stat loss: -1 Str (6/8)
 11196 | D:11     | Reached skill level 12 in Unarmed Combat
 11239 | D:11     | Learned a level 1 spell: Confusing Touch
 11352 | D:11     | Noticed an unseen horror
 11359 | D:11     | Killed an unseen horror
 11359 | D:11     | Reached skill level 10 in Dodging
 11421 | D:11     | XOM: noise
 11437 | D:11     | Identified the +2 robe of Immorality {rPois rC- rN+}
 11447 | D:11     | XOM: harmless Chrm miscast
 11612 | D:10     | XOM: scenery: 2 doors close
 11689 | Lair:1   | Entered Level 1 of the Lair of Beasts
 11842 | Lair:1   | Learned a level 2 spell: Ensorcelled Hibernation
 11923 | Lair:1   | XOM: summons 2 hostile shadow creatures
 12155 | Lair:1   | Noticed a four-headed hydra
 12155 | Lair:1   | Noticed a spiny frog
 12165 | Lair:1   | XOM: harmless Erth miscast
 12208 | Lair:1   | XOM: potion effect (brilliance)
 12213 | Lair:1   | Killed a four-headed hydra
 12213 | Lair:1   | Reached XP level 11. HP: 30/45 MP: 8/16
 12365 | Lair:1   | Reached skill level 13 in Unarmed Combat
 12370 | Lair:1   | XOM: destruction
 12399 | Lair:1   | XOM: cloud trail
 12449 | Lair:1   | XOM is BORED!
 12449 | Lair:1   | XOM: summons 1 hostile demon
 12543 | Lair:1   | XOM: harmless Necr miscast
 12788 | Lair:2   | XOM: summons 5 friendly demons
 12826 | Lair:2   | XOM: polymorph quasit -> iron imp
 12838 | Lair:2   | XOM: cleaving
 12883 | Lair:2   | Found a gate leading to a gauntlet.
 12888 | Gauntlet | Entered a Gauntlet
 12888 | Gauntlet | Found a large runed translucent door.
 12888 | Gauntlet | Found a large runed translucent door.
 12888 | Gauntlet | Found a large runed translucent door.
 12888 | Gauntlet | Found a large runed translucent door.
 12888 | Gauntlet | Found a large runed translucent door.
 12888 | Gauntlet | Found a large runed translucent door.
 12888 | Gauntlet | Found a runed translucent door.
 12888 | Gauntlet | Found a transporter.
 12888 | Gauntlet | Found a runed translucent door.
 12888 | Gauntlet | Found a large runed translucent door.
 12888 | Gauntlet | Found a large runed translucent door.
 12888 | Gauntlet | Found a large runed translucent door.
 12888 | Gauntlet | Found a large runed translucent door.
 12888 | Gauntlet | Found a large runed translucent door.
 12888 | Gauntlet | Found a large runed translucent door.
 12889 | Gauntlet | Found a large runed translucent door.
 12889 | Gauntlet | Found a large runed translucent door.
 12889 | Gauntlet | Found a large runed translucent door.
 12890 | Gauntlet | Found a runed translucent door.
 12890 | Gauntlet | Noticed a white ugly thing
 12891 | Gauntlet | Found a runed translucent gate.
 12891 | Gauntlet | Found a runed translucent gate.
 12891 | Gauntlet | Found a transporter.
 12891 | Gauntlet | Found a runed translucent gate.
 12892 | Gauntlet | Found a transporter.
 12892 | Gauntlet | Found a runed translucent door.
 12892 | Gauntlet | Noticed a glowing orange brain
 12907 | Gauntlet | Found a large runed translucent door.
 12909 | Gauntlet | Found a transporter.
 12915 | Gauntlet | Found a transporter.
 12954 | Gauntlet | Noticed a catoblepas
 13119 | Gauntlet | Found a transporter.
 13121 | Gauntlet | XOM: noise
 13122 | Gauntlet | Noticed a fire crab
 13134 | Gauntlet | XOM: confuse monster(s)
 13146 | Gauntlet | Killed a catoblepas
 13182 | Gauntlet | Identified the +12 mace of Fate {drain, rElec Dex+3}
 13182 | Gauntlet | Noticed a minotaur
 13193 | Gauntlet | Killed a minotaur
 13193 | Gauntlet | Reached skill level 14 in Unarmed Combat
 13211 | Gauntlet | Found the +3 hat of Pondering {ponderous, MR+ MP+10 Int+5}
 13218 | Gauntlet | Identified the Papyrus of Shifting Darkness
 13272 | Lair:2   | Learned a level 3 spell: Regeneration
 13416 | Lair:2   | XOM: 1-stop teleportation journey
 13419 | Lair:2   | XOM: polymorph komodo dragon -> spiny frog
 13431 | Lair:1   | XOM: give mutations
 13431 | Lair:1   | Gained mutation: You have a pair of small horns on your
                  | head. [Xom's grace]
 13431 | Lair:1   | Gained mutation: Your muscles are strong. (Str +2) [Xom's
                  | grace]
 13549 | Lair:2   | Learned a level 2 spell: Sublimation of Blood
 13634 | Lair:2   | Reached skill level 1 in Necromancy
 13906 | Lair:2   | XOM: fog
 13918 | Lair:2   | XOM: give mutations
 13918 | Lair:2   | Lost mutation: You are clumsy. (Dex -2) [Xom's grace]
 13918 | Lair:2   | Gained mutation: Your system is resistant to poisons.
                  | (rPois) [Xom's grace]
 14022 | Lair:2   | XOM: give mutations
 14022 | Lair:2   | Lost mutation: Your system is resistant to poisons. (rPois)
                  | [Xom's mischief]
 14022 | Lair:2   | Gained mutation: You are robust. (+10% HP) [Xom's mischief]
 14022 | Lair:2   | Gained mutation: You occasionally shout uncontrollably at
                  | your foes. [Xom's mischief]
 14030 | Lair:3   | XOM: enchant monster (good)
 14036 | Lair:3   | XOM: polymorph wolf -> worm
 14096 | Lair:3   | XOM: cleaving
 14102 | Lair:3   | XOM: cleaving
 14116 | Lair:2   | XOM: snakes to sticks
 14215 | Lair:3   | Gained mutation: Your thick and shaggy fur keeps you warm.
                  | (AC +3, rC+) [Felid growth]
 14215 | Lair:3   | Reached XP level 12. HP: 52/52 MP: 14/17
 14246 | Lair:3   | XOM: confuse monster(s)
 14298 | Lair:3   | XOM: summons 7 friendly demons
 14310 | Lair:3   | XOM: god gift: scroll of immolation
 14312 | Lair:3   | XOM: butterfly on damage
 14333 | Lair:3   | XOM: 3-stop teleportation journey
 14364 | Lair:3   | XOM: enchant monster (good)
 14365 | Lair:3   | Found a staircase to the Shoals.
 14490 | Lair:3   | Reached skill level 15 in Unarmed Combat
 14540 | Lair:3   | XOM: mild Necr miscast
 14550 | Lair:3   | XOM: destruction
 14564 | Lair:3   | XOM: divination: magic mapping
 14571 | Lair:3   | XOM: god gift: ration
 14578 | Lair:3   | XOM: smoke on damage
 14660 | Lair:3   | XOM: divination: detect creatures
 14670 | Lair:3   | XOM: summons 9 friendly demons
 14694 | Lair:3   | XOM: confuse monster(s)
 14764 | Lair:3   | Reached skill level 1 in Charms
 15418 | Lair:4   | Noticed a death yak
 15425 | Lair:4   | Noticed a catoblepas
 15435 | Lair:4   | Reached skill level 5 in Charms
 15528 | Lair:4   | Found a frozen archway.
 15528 | Lair:4   | Noticed a seven-headed hydra
 15545 | IceCv    | Entered an ice cave
 15651 | IceCv    | XOM: harmless Necr miscast
 15660 | IceCv    | XOM: scenery: create altars
 15672 | IceCv    | XOM: scenery: create altars
 15697 | IceCv    | XOM: summons friendly shadow imp
 15744 | IceCv    | XOM: confuse monster(s)
 15801 | IceCv    | Found an ancient bone altar of Kikubaaqudgha.
 15856 | IceCv    | XOM: fake destruction
 15881 | IceCv    | XOM: fog
 16203 | IceCv    | XOM: scenery: create altars
 16422 | IceCv    | XOM: god gift: ration
 16467 | IceCv    | XOM: scenery: create altars
 16477 | IceCv    | XOM: scenery: 1 doors open
 16505 | IceCv    | Learned a level 3 spell: Ozocubu's Armour
 16505 | IceCv    | XOM: give mutation
 16505 | IceCv    | Gained mutation: You possess an exceptional clarity of
                  | mind. [Xom's mischief]
 16603 | Lair:4   | XOM: destruction
 16644 | Lair:4   | Noticed Rupert
 16828 | Lair:4   | XOM: summons 2 friendly demons
 16831 | Lair:4   | XOM: butterfly on damage
 16832 | Lair:4   | XOM: enchant monster (good)
 16835 | Lair:4   | XOM: swap monsters
 17016 | Lair:4   | Noticed a seven-headed hydra
 17214 | Lair:5   | XOM: god gift: 25 arrows
 17270 | Lair:5   | Reached skill level 16 in Unarmed Combat
 17330 | Lair:5   | Found a staircase to the Slime Pits.
 17368 | Lair:5   | XOM: give mutations
 17368 | Lair:5   | Lost mutation: You possess an exceptional clarity of mind.
                  | [Xom's mischief]
 17368 | Lair:5   | Gained mutation: You are dopey. (Int -2) [Xom's mischief]
 17368 | Lair:5   | Gained mutation: You sometimes yell uncontrollably at your
                  | foes. [Xom's mischief]
 17368 | Lair:5   | Lost mutation: Your muscles are strong. (Str +2) [Xom's
                  | mischief]
 17563 | Lair:6   | Entered Level 6 of the Lair of Beasts
 17597 | Lair:6   | XOM: cast spell 'Summon Small Mammal'
 17599 | Lair:6   | Noticed a death yak
 17600 | Lair:6   | XOM: summons friendly iron imp
 17603 | Lair:6   | Reached XP level 13. HP: 33/56 MP: 3/18
 17623 | Lair:6   | XOM: repel stairs
 17719 | Lair:6   | XOM: cloud trail
 17759 | Lair:6   | XOM: summons friendly white imp
 17840 | Lair:6   | XOM: divination: detect creatures
 17844 | Lair:6   | XOM: polymorph blink frog -> shapeshifter
 17846 | Lair:6   | XOM: confuse monster(s)
 17953 | Lair:5   | Reached skill level 5 in Fighting
 18146 | Lair:5   | XOM: god gift: ration
 18172 | Lair:6   | XOM: scenery: create altars
 18175 | Lair:6   | XOM: divination: detect items
 18180 | Lair:6   | XOM: divination: detect items
 18180 | Lair:6   | XOM: smoke on damage
 18193 | Lair:5   | XOM: cast spell 'Discord'
 18194 | Lair:5   | XOM: enchant monster (good)
 18213 | Lair:6   | XOM: divination: detect items
 18217 | Lair:6   | XOM: butterfly on damage
 18392 | Lair:6   | XOM: summons friendly white imp
 18393 | Lair:6   | XOM: enchant monster (good)
 18448 | Lair:6   | XOM: harmless Summ miscast
 18452 | Lair:6   | XOM: divine lightning
 18457 | Lair:6   | XOM: divination: magic mapping
 18460 | Lair:6   | XOM: enchant monster (good)
 18628 | Lair:6   | XOM: cleaving
 18691 | Lair:6   | XOM: scenery: create altars
 18778 | Lair:6   | Learned a level 3 spell: Summon Guardian Golem
 18847 | Lair:6   | XOM: destruction
 18850 | Lair:6   | XOM: divine lightning
 18856 | Lair:6   | XOM: enchant monster (good)
 18862 | Lair:6   | XOM: 3-stop teleportation journey
 18890 | Lair:6   | XOM: divine lightning
 19000 | Lair:6   | XOM: summons 10 friendly demons
 19050 | Lair:6   | XOM: summons 13 friendly demons
 19082 | Lair:6   | XOM: polymorph shadow imp -> crimson imp
 19184 | Lair:6   | XOM: confuse monster(s)
 19222 | Lair:6   | XOM: 8-stop teleportation journey
 19224 | Lair:6   | XOM: cleaving
 19261 | Lair:6   | XOM: divination: detect creatures
 19282 | Lair:6   | XOM: 8-stop teleportation journey
 19314 | Lair:6   | XOM: cast spell 'Death Channel'
 19428 | Lair:6   | Reached skill level 17 in Unarmed Combat
 19428 | Lair:6   | XOM: scenery: create altars
 19610 | Lair:6   | XOM: fog
 19888 | Lair:4   | XOM: enchant monster (good)
 19957 | Lair:4   | XOM: cast spell 'Summon Butterflies'
 19964 | Lair:4   | XOM: potion effect (berserk rage)
 19967 | Lair:4   | XOM: divination: detect creatures
 19968 | Lair:4   | XOM: confuse monster(s)
 20118 | Lair:4   | XOM: potion effect (magic)
 20128 | Lair:4   | XOM: divination: magic mapping
 20145 | Lair:4   | XOM: summons friendly ufetubus
 20178 | Lair:4   | XOM: divination: detect creatures
 20179 | Lair:4   | XOM: divine lightning
 20184 | Lair:4   | XOM: polymorph seven-headed hydra -> alligator
 20510 | Lair:4   | Found a staircase to the Snake Pit.
 20557 | Lair:4   | XOM: harmless Fire miscast
 20615 | Lair:4   | XOM: noise
 20672 | Lair:5   | XOM: mild Erth miscast
 20999 | Lair:4   | XOM: polymorph alligator -> tyrant leech
 21565 | D:8      | XOM: summons friendly shadow imp
 21572 | D:8      | XOM: confusion (+ monsters)
 21578 | D:8      | XOM: confusion (+ monsters)
 21587 | D:8      | XOM: confuse monster(s)
 21594 | D:8      | Killed Prince Ribbit
 21811 | D:11     | XOM: harmless Air miscast
 21822 | D:11     | XOM: potion effect (brilliance)
 21877 | D:11     | XOM: confusion (+ monsters)
 22001 | D:11     | XOM: god gift: scimitar {god gift}
 22008 | D:11     | XOM: summons friendly ufetubus
 22124 | D:11     | XOM: cloud trail
 22129 | D:12     | XOM: polymorph kobold demonologist -> big kobold
 22166 | D:12     | Reached XP level 14. HP: 63/64 MP: 17/19
 22193 | D:12     | Found a flickering gateway to a bazaar.
 22199 | Bazaar   | Entered a bazaar
 22206 | Bazaar   | Found Pyeh's Armour Shop.
 22220 | Bazaar   | Found Wyaliero's Food Boutique.
 22248 | Bazaar   | Found Buptov's Food Boutique.
 22276 | Bazaar   | Found Evel's Food Boutique.
 22290 | Bazaar   | Found Tyibb's Weapon Shop.
 22362 | D:12     | Noticed a tengu reaver
 22363 | D:12     | Noticed a war gargoyle
 22373 | D:12     | XOM: divination: magic mapping
 22379 | D:12     | XOM: smoke on damage
 22433 | D:11     | XOM: confuse monster(s)
 22451 | D:11     | XOM: cleaving
 22462 | D:11     | XOM: potion effect (curing)
 22627 | D:12     | XOM: destruction
 22913 | D:12     | XOM: fog
 23086 | D:12     | XOM: scenery: create altars
 23334 | D:12     | Found a hazy altar of Hepliaklqana.
 23334 | D:12     | Found an opulent altar of Gozag.
 23339 | D:12     | XOM: polymorph wyvern -> glowing shapeshifter
 23374 | D:12     | XOM: polymorph black bear -> raiju
 23430 | D:12     | XOM: harmless Chrm miscast
 23436 | D:12     | XOM: divine lightning
 23458 | D:12     | XOM: summons friendly ufetubus
 23596 | D:13     | XOM: scenery: create altars
 23610 | D:13     | Slain by a red ugly thing
 23611 | D:13     | Reached XP level 13. HP: -1/60 MP: 15/18
 23638 | D:13     | Noticed an entropy weaver
 23638 | D:13     | a vault guard changed into an entropy weaver
 23638 | D:13     | XOM: polymorph vault guard -> entropy weaver
 23658 | D:13     | XOM: fake destruction
 23763 | Orc:1    | Entered Level 1 of the Orcish Mines
 23843 | Orc:2    | Entered Level 2 of the Orcish Mines
 23856 | Orc:2    | XOM: fog
 23857 | Orc:2    | XOM: divine lightning
 23869 | Orc:1    | Reached skill level 18 in Unarmed Combat
 23917 | Orc:1    | XOM: god gift: ration
 24030 | D:10     | XOM: noise
 24272 | Shoals:1 | Entered Level 1 of the Shoals
 24313 | Shoals:1 | Noticed a merfolk impaler
 24388 | Shoals:1 | XOM: potion effect (invisibility)
 24839 | Shoals:1 | XOM: butterfly on damage
 24968 | Shoals:1 | XOM: summons friendly iron imp
 24972 | Shoals:1 | XOM: polymorph iron imp -> crimson imp
 25043 | Shoals:1 | XOM: cast spell 'Death Channel'
 25049 | Shoals:1 | XOM: divination: detect creatures
 25077 | Shoals:1 | XOM: confusion (+ monsters)
 25086 | Shoals:1 | XOM: god gift: 55 gold pieces
 25252 | Shoals:1 | XOM: confuse monster(s)
 25396 | Snake:1  | Entered Level 1 of the Snake Pit
 25651 | D:12     | XOM: swap monsters
 25657 | D:12     | Killed a tengu reaver
 25680 | D:12     | XOM: noise
 25706 | D:12     | XOM: cast spell 'Alistair's Intoxication'
 25816 | D:13     | XOM: cast spell 'Olgreb's Toxic Radiance'
 25828 | D:13     | Reached skill level 15 in Dodging
 25835 | D:13     | XOM: confuse monster(s)
 25852 | D:13     | HP: 3/66 [red ugly thing (21)]
 25852 | D:13     | XOM: butterfly on damage
 26142 | D:13     | XOM: summons 3 friendly demons
 26159 | D:13     | Reached XP level 14. HP: 55/69 MP: 15/19
 26363 | D:13     | XOM: summons friendly iron imp
 26387 | D:13     | XOM: 2-stop teleportation journey
 26401 | D:13     | XOM: cast spell 'Cause Fear'
 26708 | Orc:1    | Noticed Jorgrun
 26717 | Orc:1    | XOM: potion effect (invisibility)
 26720 | Orc:1    | XOM: medium Necr miscast
 26725 | Orc:1    | XOM: cast spell 'Call Canine Familiar'
 26733 | Orc:1    | HP: 1/70 [Jorgrun/blast of rock fragments (26)]
 26782 | Orc:1    | XOM: summons 5 friendly demons
 26789 | Orc:1    | Killed Jorgrun
 26862 | Orc:1    | XOM: 8-stop teleportation journey
 27069 | Orc:2    | XOM: confuse monster(s)
 27230 | Orc:2    | Noticed Urug
 27324 | Orc:2    | XOM: butterfly on damage
 27345 | Orc:1    | XOM: god gift: 6 needles of paralysis
 27602 | Orc:2    | XOM: summons 14 friendly demons
 27613 | Orc:2    | Killed Urug
 27710 | Orc:2    | Found a staircase to the Elven Halls.
 27889 | Orc:2    | Found Taoc Lechu's Food Shoppe.
 27889 | Orc:2    | Found Domm's Assorted Antiques.
 27891 | Orc:2    | Found Tapea's Weapon Boutique.
 27893 | Orc:2    | Found Julimeul's Assorted Antiques.
 27905 | Orc:2    | Bought a scroll of teleportation for 84 gold pieces
 27908 | Orc:2    | Bought a scroll of identify for 38 gold pieces
 27913 | Orc:2    | Bought a hardcover book for 285 gold pieces
 27916 | Orc:2    | Bought a dented emerald amulet for 140 gold pieces
 28469 | Shoals:1 | HP: 2/70 [drowned by a water nymph (7)]
 28473 | Shoals:1 | XOM: cast spell 'Necromutation'
 28477 | Shoals:1 | XOM: 10-stop teleportation journey
 28664 | Shoals:2 | XOM: divination: magic mapping
 28667 | Shoals:2 | XOM: destruction
 28841 | Shoals:2 | Learned a level 5 spell: Summon Mana Viper
 28976 | Shoals:2 | XOM: 1-stop teleportation journey
 29032 | Shoals:2 | XOM: enchant monster (good)
 29038 | Shoals:2 | XOM: cast spell 'Summon Dragon'
 29250 | Shoals:2 | XOM: cast spell 'Chain of Chaos'
 29621 | D:12     | XOM: confuse monster(s)
 29646 | D:12     | XOM: butterfly on damage
 29651 | D:12     | XOM: potion effect (berserk rage)
 29658 | D:12     | Killed a war gargoyle
 29709 | D:13     | Reached skill level 19 in Unarmed Combat
 29933 | Orc:2    | Bought 2 potions of berserk rage for 190 gold pieces
 29942 | Orc:2    | XOM: severe Pois miscast
 29990 | D:11     | XOM: medium Tloc miscast
 30025 | D:12     | XOM: summons 4 hostile shadow creatures
 30086 | D:13     | Found a gate to the Vaults.
 30144 | D:13     | Found a runed translucent gate.
 30144 | D:13     | Found a runed translucent gate.
 30144 | D:13     | Found a runed translucent gate.
 30147 | D:13     | Noticed a brown very ugly thing
 30151 | D:13     | Noticed a cyan very ugly thing
 30186 | D:13     | XOM is BORED!
 30191 | D:13     | Reached skill level 1 in Summonings
 30393 | D:13     | an entropy weaver changed into a death yak
 30393 | D:13     | XOM: polymorph entropy weaver -> death yak
 30404 | D:13     | XOM: harmless Necr miscast
 30426 | D:13     | XOM: harmless Ice miscast
 30531 | D:13     | XOM: scenery: create altars
 30543 | D:13     | Reached skill level 10 in Hexes
 30584 | D:13     | XOM: smoke on damage
 30606 | D:13     | XOM: god gift: 11 stones
 30625 | D:13     | XOM: potion effect (brilliance)
 30906 | D:14     | XOM: cleaving
 30912 | D:14     | XOM: scenery: create altars
 30921 | D:14     | XOM: butterfly on damage
 31033 | D:14     | XOM: summons friendly quasit
 31038 | D:14     | XOM: fog
 31329 | D:14     | XOM: scenery: 1 doors open, 1 doors close
 31401 | D:14     | Found a shadowy altar of Dithmenos.
 31490 | D:14     | XOM: scenery: 1 doors close
 31564 | D:14     | XOM: give mutations
 31564 | D:14     | Gained mutation: You have a somewhat thin skeletal
                  | structure. (Dex +2, Stealth) [Xom's grace]
 31564 | D:14     | Gained mutation: You are partially covered in icy blue
                  | scales. (AC +2) [Xom's grace]
 31642 | D:14     | XOM: polymorph yak -> shapeshifter
 31649 | D:14     | XOM: summons friendly iron imp
 31655 | D:14     | XOM: cleaving
 31812 | D:14     | Reached XP level 15. HP: 73/73 MP: 13/22
 31971 | D:14     | XOM: god gift: spear {god gift}
 32082 | D:14     | XOM: god gift: scroll of amnesia
 32159 | D:14     | XOM: polymorph cyan ugly thing -> green ugly thing
 32179 | D:14     | XOM: harmless Hex miscast
 32181 | D:14     | XOM: noise
 32214 | D:14     | XOM: enchant monster (good)
 32222 | D:14     | XOM: enchant monster (bad)
 32226 | D:14     | XOM: harmless Pois miscast
 32227 | D:14     | XOM: chaos upgrade
 32312 | D:15     | Entered Level 15 of the Dungeon
 32552 | D:15     | XOM: swap monsters
 32563 | D:15     | XOM: swap monsters
 32983 | D:15     | XOM: medium Summ miscast
 33027 | D:15     | Found a staircase to the Depths.
 33046 | D:15     | XOM: harmless Tmut miscast
 33114 | Depths:1 | Entered Level 1 of the Depths
 33115 | Depths:1 | XOM: repel stairs
 33319 | Elf:1    | Entered Level 1 of the Elven Halls
 33361 | Elf:1    | XOM: confusion (+ monsters)
 33480 | Elf:1    | XOM: 1-stop teleportation journey
 33484 | Elf:1    | XOM: polymorph deep elf knight -> alligator
 33496 | Elf:1    | Found a runed translucent door.
 33531 | Elf:1    | XOM: enchant monster (good)
 33619 | Elf:1    | XOM: harmless Air miscast
 33673 | Elf:1    | Reached skill level 20 in Unarmed Combat
 33684 | Elf:1    | XOM: divination: magic mapping
 33852 | Elf:1    | XOM: divination: magic mapping
 33856 | Elf:1    | HP: 3/109 [water moccasin (shapeshifter) (4)]
 33857 | Elf:1    | XOM: potion effect (haste)
 33858 | Elf:1    | Slain by a +4 flail of draining
 33859 | Elf:1    | Reached XP level 14. HP: -5/105 MP: 15/21
 33952 | Elf:1    | XOM: divination: detect creatures
 33958 | Elf:1    | XOM: harmless Pois miscast
 33959 | Elf:1    | XOM: potion effect (invisibility)
 33984 | Elf:1    | XOM: summons friendly white imp
 33997 | Elf:1    | XOM: harmless Air miscast
 34068 | Elf:1    | XOM: divination: detect creatures
 34217 | Elf:1    | XOM: harmless Conj miscast
 34375 | Lair:3   | XOM: silly message
 34429 | Lair:4   | XOM: butterfly on damage
 34430 | Lair:4   | Demolished by Rupert
 34431 | Lair:4   | Reached XP level 13. HP: -16/66 MP: 18/20
 34435 | Lair:4   | XOM: summons 12 friendly demons
 34455 | Lair:4   | Killed Rupert
 34607 | Snake:1  | XOM: butterfly on damage
 34609 | Snake:1  | XOM: cast spell 'Cause Fear'
 34683 | Snake:1  | XOM: give mutations
 34683 | Snake:1  | Gained mutation: You are partially covered in molten
                  | scales. (AC +2) [Xom's grace]
 34683 | Snake:1  | Gained mutation: You are agile. (Dex +2) [Xom's grace]
 34683 | Snake:1  | Gained mutation: Your flesh is heat resistant. (rF+) [Xom's
                  | grace]
 34749 | Snake:1  | XOM: cast spell 'Dispersal'
 34785 | Snake:1  | XOM: confuse monster(s)
 34823 | Snake:1  | Learned a level 6 spell: Statue Form
 34849 | Snake:1  | Reached skill level 1 in Transmutations
 34849 | Snake:1  | Reached XP level 14. HP: 44/70 MP: 4/21
 34967 | Snake:1  | Reached skill level 1 in Earth Magic
 34997 | Snake:1  | XOM: scenery: create altars
 35146 | Snake:1  | XOM: polymorph naga mage -> black bear
 35326 | Snake:1  | Found Wugucurr's Armour Shop.
 35367 | Snake:1  | XOM: fog
 35504 | Snake:1  | XOM: summons friendly quasit
 35819 | Snake:2  | Noticed Aizul
 35848 | Snake:2  | XOM: cast spell 'Summon Butterflies'
 35893 | Snake:2  | XOM: give mutation
 35893 | Snake:2  | Gained mutation: Your flesh is cold resistant. (rC+) [Xom's
                  | grace]
 35905 | Snake:2  | XOM: confuse monster(s)
 35928 | Snake:2  | XOM: 3-stop teleportation journey
 36001 | Snake:2  | XOM: enchant monster (good)
 36002 | Snake:2  | XOM: enchant monster (good)
 36056 | Snake:2  | Reached skill level 5 in Transmutations
 36139 | Snake:2  | XOM: god gift: 54 gold pieces
 36149 | Snake:2  | XOM: confuse monster(s)
 36155 | Snake:2  | XOM: divination: detect items
 36161 | Snake:2  | XOM: summons 7 friendly demons
 36378 | Snake:2  | XOM: enchant monster (good)
 36414 | Snake:2  | XOM: god gift: runed lajatang {god gift}
 36689 | Snake:2  | XOM: scenery: create altars
 36710 | Snake:2  | Reached skill level 5 in Earth Magic
 36888 | Snake:2  | XOM: give mutation
 36888 | Snake:2  | Gained mutation: You expend magic power (3 MP) to
                  | strengthen your wands. [Xom's grace]
 36977 | Snake:3  | XOM: scenery: create altars
 36984 | Snake:3  | XOM: 9-stop teleportation journey
 37057 | Snake:3  | Shot with a bolt by a naga sharpshooter

Skill      XL: |  1  2  3  4  5  6  7  8  9 10 11 12 13 14 15 |
---------------+----------------------------------------------+-----
Stealth        | 2 3 6 8 |  8.0
Unarmed Combat | 4 7 8 10 11 12 14 16 18 19 20 | 20.6
Dodging        | 6 7 9 11 12 15 16 | 16.1
Hexes          | 3 7 8 10 | 10.5
Spellcasting   | 1 3 4 |  4.5
Necromancy     | 2 4 |  4.3
Charms         | 5 |  5.6
Fighting       | 8 9 |  9.1
Summonings     | 1 |  1.2
Transmutations | 1 6 |  6.3
Earth Magic    | 5 |  5.2

Action                   |  1- 3 |  4- 6 |  7- 9 | 10-12 | 13-15 || total
-------------------------+-------+-------+-------+-------+-------++-------
Melee: Unarmed           |   121 |     5 |   478 |   609 |  1801 ||  3014
       Bite              |     6 |       |    44 |    71 |   229 ||   350
       Punch             |     2 |       |    16 |    49 |   186 ||   253
       Headbutt          |       |       |       |    91 |   399 ||   490
 Cast: Confuse           |       |       |    43 |    87 |   175 ||   305
       Corpse Rot        |       |       |     2 |       |       ||     2
       Confusing Touch   |       |       |       |    39 |    98 ||   137
       Ensorcelled Hiber |       |       |       |    25 |    49 ||    74
       Sublimation of Bl |       |       |       |    42 |    19 ||    61
       Regeneration      |       |       |       |    50 |   194 ||   244
       Ozocubu's Armour  |       |       |       |     4 |    36 ||    40
       Summon Guardian G |       |       |       |       |     3 ||     3
       Summon Mana Viper |       |       |       |       |     4 ||     4
Evoke: Wand              |       |       |     1 |    18 |    40 ||    59
       Fan of gales      |       |       |       |     1 |     1 ||     2
  Use: Scroll            |     4 |       |    11 |    13 |    27 ||    55
       Potion            |       |       |     1 |     8 |    14 ||    23
 Stab: Sleeping          |    12 |       |    21 |    39 |    51 ||   123
       Paralysed         |       |     3 |       |       |     3 ||     6
       Confused          |       |       |    20 |    80 |   169 ||   269
       Distracted        |       |       |       |     7 |     6 ||    13
       Invisible         |       |       |       |     2 |    14 ||    16
       Petrified         |       |       |       |       |     2 ||     2
       Petrifying        |       |       |       |       |     1 ||     1
  Eat: Chunk             |    11 |       |    17 |    22 |    95 ||   145
       Ration            |       |       |       |     3 |     1 ||     4
Armor: Skin              |     7 |       |     8 |    11 |    44 ||    70
Dodge: Dodged            |    81 |     2 |   257 |   451 |  1616 ||  2407
